 Dungeon Crawl Stone Soup version 0.32-a0-876-gcfddb08e57 (webtiles) character file.

Game seed: 16409395099205987272

2230 Bobbunny the Fighter (level 9, -1/75 HPs)
             Began as a Coglin Hunter on Apr 1, 2024.
             Was an Initiate of Okawaru.
             Shot with an arrow by a centaur warrior (11 damage)
             ... on level 8 of the Dungeon.
             The game lasted 00:05:58 (6744 turns).

Bobbunny the Fighter (Coglin Hunter)                Turns: 6744, Time: 00:05:59

Health: -1/75      AC:  7    Str: 11    XL:     9   Next: 36%
Magic:  9/9        EV: 13    Int:  9    God:    Okawaru [......]
Gold:   272        SH:  0    Dex: 22    Spells: 8/8 levels left

rFire   . . .        a - +2 sling {Nozipho}
rCold   . . .        s - +2 sling (elec) {Latda}
rNeg    . . .        j - +1 steam dragon scales
rPois   .            (no helmet)
rElec   .            p - +0 cloak
rCorr   .            (no gloves)
SInv    .            (no boots)
Will    .....        (amulet unavailable)
Stlth   ++           (ring unavailable)
HPRegen 0.32/turn    (ring unavailable)
MPRegen 0.11/turn    (no gizmo)

%: no passive effects
@: revved
A: off-hand wielding, slow wielding, warmup strikes, no jewellery
a: Invent Gizmo, Renounce Religion


You were on level 8 of the Dungeon.
You worshipped Okawaru.
Okawaru was noncommittal.
You visited 2 branches of the dungeon, and saw 9 of its levels.

You collected 362 gold pieces.
You spent 90 gold pieces at shops.

Inventory:

Hand Weapons
 a - a +2 sling (weapon) {Nozipho}
 s - a +2 sling of electrocution (offhand) {Latda}
Missiles
 b - 2 throwing nets
 f - 9 poisoned darts
 i - 4 darts of dispersal
Armour
 c - the +2 robe of Nemelex Xobeh's Hatred {Will- Dex+5}
   (You found it on level 6 of the Dungeon)

   Dex+5:     It affects your dexterity (+5).
   Will-:     It decreases your willpower.
 j - +1 steam dragon scales (worn)
 p - a +0 cloak (worn)
Wands
 m - a wand of flame (11)
Scrolls
 g - a scroll of immolation
 o - 2 scrolls of vulnerability
 q - a scroll of silence
 r - 2 scrolls of revelation
 v - a scroll of identify
 w - 2 scrolls of fear {unknown}
 x - a scroll of enchant weapon {unknown}
 y - a scroll of summoning {unknown}
Potions
 d - a potion of enlightenment {unknown}
 e - a potion of lignification
 h - 2 potions of berserk rage
 k - a potion of resistance {unknown}
 l - 2 potions of ambrosia
 n - a potion of might {unknown}
 t - a potion of attraction {unknown}
 u - 3 potions of curing
 z - a potion of cancellation {unknown}


   Skills:
 + Level 8.6 Fighting
 + Level 8.5 Ranged Weapons
 - Level 3.0 Dodging
 - Level 1.0 Stealth


You had 8 spell levels left.
You didn't know any spells.
Your spell library contained the following spells:

 Spells                   Type           Power      Damage    Failure   Level
 Freeze                   Ice            0%         1d3       38%         1
 Magic Dart               Conj           0%         1d3       38%         1
 Sting                    Conj/Alch      0%         1d3       38%         1
 Blink                    Tloc           0%         N/A       52%         2
 Lesser Beckoning         Tloc           0%         N/A       52%         2
 Mercury Vapours          Alch/Air       0%         N/A       52%         2
 Momentum Strike          Conj/Tloc      0%         3d8       52%         2
 Searing Ray              Conj           0%         2d4       52%         2
 Sublimation of Blood     Necr           0%         N/A       52%         2
 Frozen Ramparts          Ice            0%         1d1       77%         3
 Hailstorm                Conj/Ice       0%         3d5       77%         3
 Sigil of Binding         Hex            0%         N/A       77%         3
 Fulminant Prism          Conj/Alch      0%         3d5       99%         4
 Olgreb's Toxic Radiance  Alch           0%         N/A       99%         4
 Petrify                  Alch/Erth      0%         N/A       99%         4
 Irradiate                Conj/Alch      0%         3d11      100%        5
 Death Channel            Necr           Unusable   N/A       N/A         6
 Sculpt Simulacrum        Ice/Alch       Unusable   N/A       N/A         6

Dungeon Overview and Level Annotations

Branches:
Dungeon (8/15)             Temple (1/1) D:7
   Lair: D:8-11

Altars:
Ashenzari
Cheibriados
Dithmenos
Elyvilon
Fedhas
Gozag
Hepliaklqana
Kikubaaqudgha
Makhleb
Nemelex Xobeh
Okawaru
Qazlal
Ru
Sif Muna
Trog
Uskayaw
Wu Jian
Xom
Yredelemnul
Zin
The Shining One

Shops:
D:7 (::


Innate Abilities, Weirdness & Mutations

You can wield a second weapon in your off-hand.
It takes a long time for you to wield or remove held weapons.
Your first few attacks do less damage.
You cannot equip rings or amulets.


Message History

The sling bullet hits the centaur warrior!
Lightning courses through the centaur warrior!!
The centaur warrior is severely wounded.
You shoot a sling bullet.
The sling bullet hits the centaur warrior.
The centaur warrior is severely wounded.
The centaur warrior shoots an arrow.
The arrow barely misses you.
The centaur warrior shoots an arrow.
The arrow hits you!
Unknown command.
Fire: a) +2 sling {Nozipho}
Press: ? - help, Q - select action, (/) - cycle Shift-Dir - straight line, f/p - centaur warrior
Aim: a centaur warrior, wielding a +0 orcbow (severely wounded, 76% to hit)
You shoot a sling bullet.
The sling bullet closely misses the centaur warrior.
You shoot a sling bullet.
The sling bullet barely misses the centaur warrior.
The centaur warrior shoots an arrow.
The arrow hits you!
Unknown command.
Fire: a) +2 sling {Nozipho}
Press: ? - help, Q - select action, (/) - cycle Shift-Dir - straight line, f/p - centaur warrior
Aim: a centaur warrior, wielding a +0 orcbow (severely wounded, 76% to hit)
You shoot a sling bullet.
The sling bullet closely misses the centaur warrior.
You shoot a sling bullet.
The sling bullet barely misses the centaur warrior.
The centaur warrior shoots an arrow.
The arrow hits you!
* * * LOW HITPOINT WARNING * * *
The centaur warrior shoots an arrow.
The arrow hits you.
* * * LOW HITPOINT WARNING * * *
Unknown command.
Fire: a) +2 sling {Nozipho}
Press: ? - help, Q - select action, (/) - cycle Shift-Dir - straight line, f/p - centaur warrior
Aim: a centaur warrior, wielding a +0 orcbow (severely wounded, 76% to hit)
You shoot a sling bullet.
The sling bullet closely misses the centaur warrior.
You shoot a sling bullet.
The sling bullet hits the centaur warrior.
The centaur warrior is almost dead.
The centaur warrior shoots an arrow.
The arrow hits you!
You die...

###.######..########...
#.# #..#>......... #.#
#..#.#......## #.##
#.........### #..##
###.....### ##..#
#.....### ##.## #...###
#..###.### ##@#.....##
#...c..... ##..###...
....# ..##.# #.. ># #..
.# ..# . ... .


You could see a centaur warrior.

Vanquished Creatures
  Pikel (D:4)
  Maggie (D:6)
  An orc warrior (D:7)
  A sky beast (D:7)
  2 ogres
  2 lemures (D:4)
  A kobold brigand (D:4)
  3 scorpions
  A bullfrog (D:6)
  A howler monkey (D:7)
  2 jellies
  Crazy Yiuf (D:7)
  2 orc priests
  3 sleepcaps
  2 hounds
  A gnoll bouda (D:6)
  6 iguanas
  5 orc wizards
  6 gnolls
  5 adders
  2 dart slugs
  The ghost of DeathSocks the Sneak, a weakling VSDe (D:4)
  21 orcs
  6 ball pythons
  6 endoplasms
  2 giant cockroaches (D:4)
  5 goblins
  3 hobgoblins
  11 kobolds
  3 quokkas
  10 bats
  8 frilled lizards
  7 rats
132 creatures vanquished.

Notes
Turn   | Place    | Note
-------+----------+-------------------------------------------
     0 | D:1      | Bobbunny the Coglin Hunter began the quest for the Orb.
     0 | D:1      | Reached XP level 1. HP: 16/16 MP: 1/1
    31 | D:1      | Reached skill level 1 in Stealth
    31 | D:1      | Reached XP level 2. HP: 22/22 MP: 2/2
   172 | D:1      | Reached XP level 3. HP: 28/28 MP: 3/3
  1464 | D:3      | Reached XP level 4. HP: 6/35 MP: 4/4
  1720 | D:3      | Found a faded altar of an unknown god.
  1833 | D:3      | Reached XP level 5. HP: 42/42 MP: 5/5
  2373 | D:4      | Reached skill level 5 in Ranged Weapons
  2688 | D:4      | Noticed Pikel
  2689 | D:4      | Noticed a kobold brigand
  2704 | D:4      | Noticed a lemure
  2893 | D:4      | Killed a kobold brigand
  2894 | D:4      | Reached XP level 6. HP: 34/49 MP: 6/6
  2993 | D:4      | Killed Pikel
  2994 | D:4      | Reached XP level 7. HP: 58/58 MP: 7/7
  3229 | D:4      | Found a large runed translucent door.
  3229 | D:4      | Found a large runed translucent door.
  3234 | D:4      | Noticed DeathSocks's ghost (weakling VSDe)
  3295 | D:5      | Entered Level 5 of the Dungeon
  3359 | D:5      | Found a hazy altar of Hepliaklqana.
  3362 | D:5      | Found a basalt altar of Yredelemnul.
  3445 | D:5      | Reached XP level 8. HP: 54/65 MP: 8/8
  4327 | D:6      | Noticed Maggie
  4339 | D:6      | Killed Maggie
  4584 | D:6      | Identified the +2 robe of Nemelex Xobeh's Hatred {Will-
                  | Dex+5}
  4691 | D:6      | Found Zin's Purification Station.
  4691 | D:6      | Found a glowing silver altar of Zin.
  4696 | D:6      | Bought a potion of curing for 90 gold pieces
  5168 | D:7      | Reached XP level 9. HP: 74/74 MP: 9/9
  5211 | D:7      | Found Tigoeq's Book Shoppe.
  5305 | D:7      | Found a sparkling altar of Nemelex Xobeh.
  5564 | D:7      | Found Ycake's Weapon Emporium.
  5584 | D:7      | Found Liabbaet's Book Emporium.
  5619 | D:7      | Found a runed translucent door.
  5620 | D:7      | Noticed Crazy Yiuf
  6083 | D:7      | Found a staircase to the Ecumenical Temple.
  6116 | D:7      | Found a bloodstained altar of Trog.
  6159 | Temple   | Entered the Ecumenical Temple
  6178 | Temple   | Became a worshipper of Warmaster Okawaru
  6437 | D:7      | Killed Crazy Yiuf
  6629 | D:4      | Killed DeathSocks's ghost
  6734 | D:8      | Noticed a centaur warrior
  6744 | D:8      | Shot with an arrow by a centaur warrior

Illustrated notes

Levels and vault maps discovered:
D:1:      erik_arrival_triangle_small, layout_basic, amcnicky_mini_pool_small
D:2:      layout_loops_corners
D:3:      layout_basic, dreamdust_ecumenical_altar_angels_and_demons
D:4:      layout_loops_ring, ebering_ghost_disaster_area, hangedman_decor_push,
          lexackson_kobold_supper, uniq_pikel
D:5:      layout_loops_ring, nicolae_overflow_squiral, minmay_misc_feat_tower
D:6:      layout_basic, zin_purify, uniq_maggie
D:7:      layout_basic, kennysheep_mini, trog_butcher_becter,
          lemuel_temple_firewalk_a, serial_shops, nicolae_shop_window_shopping,
          shop, nicolae_shop_rolling_square, kennysheep_generic_room_6,
          uniq_crazy_yiuf_cottage
D:8:      minmay_diamond_stairs, layout_rooms, due_lair_maze_entry_diamond,
          kennysheep_opposing_triangles
Temple:   nicolae_temple_slightly_damp_pantheon

Skill      XL: |  1  2  3  4  5  6  7  8  9 |
---------------+----------------------------+-----
Dodging        | 2 3 |  3.0
Stealth        | 1 |  1.0
Ranged Weapons | 4 5 6 7 8 |  8.5
Fighting       | 3 4 6 7 8 |  8.6

Action                     |  1- 3 |  4- 6 |  7- 9 || total
---------------------------+-------+-------+-------++-------
   Fire: Sling             |   138 |   214 |   304 ||   656
    Use: Scroll            |       |     8 |     5 ||    13
         Potion            |       |     1 |     1 ||     2
 Armour: Leather armour    |    17 |    22 |    20 ||    59
         Steam dragon scal |       |       |    20 ||    20
  Dodge: Dodged            |     5 |    19 |    22 ||    46

Table legend: (Time is in decaauts)
 A = Elapsed time spent in this place.
 B = Non-inter-level travel time spent in this place.
 C = Inter-level travel time spent in this place.
 D = Time resting spent in this place.
 E = Time spent auto-exploring this place.
 F = Levels seen in this place.
 G = Mean time per level.
                   A        B        C        D        E       F      G
               +--------+--------+--------+--------+--------+-----+--------+
         Total |   6790 |   6220 |    570 |    725 |   4799 |   9 |  754.4 |
       Dungeon |   6752 |   6220 |    532 |    725 |   4799 |   8 |  844.0 |
        Temple |     38 |      1 |     37 |      0 |      0 |   1 |   38.0 |
               +--------+--------+--------+--------+--------+-----+--------+

Top non-repeatable levels by time:
     D:7: 1304 daAuts
     D:4: 1067 daAuts
     D:6: 1061 daAuts
     D:5: 927 daAuts
     D:2: 884 daAuts
     D:3: 881 daAuts
     D:1: 517 daAuts
     D:8: 109 daAuts
  Temple: 38 daAuts
